 Dungeon Crawl Stone Soup version 0.30-a0-567-gf7fd966b4a (webtiles) character file.

Game seed: 18445830339265664711

12 tilp the Covered (level 2, -4/26 HPs)
             Began as a Meteoran Fighter on Dec 28, 2022.
             Killed from afar by Natasha (12 damage)
             ... with a magic dart
             ... on level 3 of the Dungeon.
             The game lasted 00:00:56 (100 turns).

tilp the Covered (Meteoran Fighter)                  Turns: 100, Time: 00:00:57

Health: -4/26      AC:  7    Str: 17    XL:     2   Next: 64%
Magic:  3/3        EV:  9    Int:  9    God:
Gold:   8          SH:  5    Dex: 13    Spells: 1/1 levels left

rFire   . . .      SeeInvis .    a - +0 long sword
rCold   . . .      Faith    .    c - +0 buckler
rNeg    . . .      Spirit   .    b - +0 scale mail
rPois   .          Reflect  .    (no helmet)
rElec   .          Harm     .    (no cloak)
rCorr   .          Rampage  .    (no gloves)
Will    .....                    (no boots) Stlth
                                 (no amulet)
HPRegen 0.24/turn                (no ring)
MPRegen 0.08/turn                (no ring)

@: glowing
A: sense surroundings 1, otherworldly, glowing, explore regen
a: no special abilities


You were on level 3 of the Dungeon.
You visited 1 branch of the dungeon, and saw 3 of its levels.

You collected 8 gold pieces.

Inventory:

Hand Weapons
 a - a +0 long sword (weapon)
Armour
 b - a +0 scale mail (worn)
 c - a +0 buckler (worn)
Potions
 d - a potion of might
 e - a potion of mutation {unknown}


   Skills:
 + Level 3.4 Fighting
 + Level 2.5 Long Blades
 + Level 3.7 Armour
 * Level 1.1 Dodging
 + Level 0.3 Stealth
 + Level 3.7 Shields


You had one spell level left.
You didn't know any spells.
Your spell library was empty.

Dungeon Overview and Level Annotations

Branches:
Dungeon (3/15) Zot: 1689

Altars:

Annotations:
D:3 Natasha


Innate Abilities, Weirdness & Mutations

You passively map a small area around you.
You are easily found by Zot.
You glow in the dark.
You regain HP and MP as you explore.


Message History

Natasha is lightly wounded.
Natasha claws you but does no damage.
The giant cockroach bites you but does no damage.
You block Natasha's attack. The crimson imp barely misses you.
You block the giant cockroach's attack.
You closely miss Natasha.
Natasha is lightly wounded.
Natasha claws you but does no damage.
The giant cockroach bites you but does no damage.
You block the crimson imp's attack. Natasha closely misses you.
The giant cockroach bites you but does no damage.
You closely miss Natasha.
Natasha is lightly wounded.
Natasha casts a spell.
You block the crimson imp's attack. The crimson imp spits at you.
Natasha casts a spell at you. The magic dart hits you.
You block the giant cockroach's attack.
The crimson imp blinks!
You slash Natasha!
Natasha is heavily wounded.
Natasha misses you. The crimson imp barely misses you.
The giant cockroach closely misses you. Natasha casts a spell at you.
The magic dart hits you.
* * * LOW HITPOINT WARNING * * *
The white imp misses you. The crimson imp closely misses you.
The giant cockroach bites you but does no damage.
You closely miss Natasha.
Natasha is heavily wounded.
You block Natasha's attack. Natasha claws you.
* * * LOW HITPOINT WARNING * * *
You block the white imp's attack.
The giant cockroach bites you but does no damage.
The crimson imp hits you but does no damage.
You hit Natasha.
Natasha is almost dead.
Natasha casts a spell at you. The magic dart hits you!
You die...

####### *
.......
########...5...
......5).......
.......@h......,
*
......B.5......
, ,
.#.##.#........
, #...##..###* *
. ### ...# * *
.. #... .# * ###
~ #.* *


You could see Natasha (fast), 2 crimson imps, a white imp (summoned) and a giant
cockroach.

Vanquished Creatures
  A worm (D:2)
  2 endoplasms (D:1)
  A goblin (D:1)
  2 jackals (D:1)
  A kobold (D:3)
  A frilled lizard (D:1)
8 creatures vanquished.

Notes
Turn   | Place    | Note
-------+----------+-------------------------------------------
     0 | D:1      | tilp the Meteoran Fighter began the quest for the Orb.
     0 | D:1      | Reached XP level 1. HP: 19/19 MP: 2/2
    31 | D:1      | Reached XP level 2. HP: 26/26 MP: 3/3
    64 | D:2      | Reached skill level 1 in Dodging
    84 | D:3      | Noticed Natasha
    91 | D:3      | Noticed a crimson imp
    92 | D:3      | Noticed a crimson imp
   100 | D:3      | Killed from afar by Natasha

Illustrated notes

Levels and vault maps discovered:
D:1:      co_arrival_square_in_a_square_in_a_square, layout_loops_ring
D:2:      layout_basic, basic_altar
D:3:      layout_rooms, worldfamousw_hep_ancestral_shrine, st_stairs_7,
          uniq_natasha

Skill      XL: |  1  2 |
---------------+-------+-----
Dodging        | 1 |  1.1
Fighting       | |  3.4
Long Blades    | |  2.5
Armour         | |  3.7
Stealth        | |  0.3
Shields        | |  3.7

Action                   || total
-------------------------++-------
Melee: Long sword        ||    33
Armor: Scale mail        ||    29
Dodge: Dodged            ||    18
Block: Buckler           ||    11

Table legend: (Time is in decaauts)
 A = Elapsed time spent in this place.
 B = Non-inter-level travel time spent in this place.
 C = Inter-level travel time spent in this place.
 D = Time resting spent in this place.
 E = Time spent auto-exploring this place.
 F = Levels seen in this place.
 G = Mean time per level.
                   A        B        C        D        E       F      G
               +--------+--------+--------+--------+--------+-----+--------+
         Total |    109 |    109 |      0 |      0 |      0 |   3 |   36.3 |
       Dungeon |    109 |    109 |      0 |      0 |      0 |   3 |   36.3 |
               +--------+--------+--------+--------+--------+-----+--------+

Top non-repeatable levels by time:
     D:1: 62 daAuts
     D:2: 26 daAuts
     D:3: 20 daAuts
